 Dungeon Sprint DCSS version 0.27.1 (webtiles) character file.

Game seed: 15794341101768782298

6020 styxcanada the Imperceptible (level 10, -21/53 HPs)
             Began as a Spriggan Brigand on Aug 27, 2021.
             Was an Initiate of Gozag.
             Demolished by a crystal guardian (32 damage)
             ... in the Dungeon (Sprint III: "The Ten Rune Challenge").
             The game lasted 00:20:17 (2268 turns).

styxcanada the Imperceptible (Spriggan Brigand)     Turns: 2268, Time: 00:20:18

Health: -21/53     AC:  3    Str:  9    XL:     10   Next: 56%
Magic:  23/23      EV: 28    Int: 12    God:    Gozag
Gold:   261        SH:  0    Dex: 25    Spells: 16/25 levels left

rFire    . . .     SeeInvis +   a - +2 dagger
rCold    . . .     Faith    .   (shield restricted)
rNeg     . . .     Spirit   .   b - +0 robe
rPois    +         Reflect  .   (helmet restricted)
rElec    .         Harm     .   c - +0 cloak
rCorr    .         Rampage  .   (gloves unavailable)
Will     +....     NoTele   +   (boots unavailable)
Stlth    ++++++++++             (no amulet)
HPRegen  0.17/turn              v - ring "Diadwy" {rPois Stlth+}
MPRegen  0.18/turn              (no ring)

@: very slightly contaminated, invisible, very quick
A: very small, no large weapons, unfitting armour, see invisible, speed 3,
hooves 1, agile 2, strong 1
a: Renounce Religion, Potion Petition, Call Merchant, Bribe Branch


You were in the Dungeon.
You worshipped Gozag.
Gozag was aware of your devotion.
You visited 1 branch You collected 1721 gold pieces.
You spent 1460 gold pieces at shops.

Inventory:

Hand Weapons
 a - a +2 dagger (weapon)
 o - a +2 quarterstaff of freezing
 q - a +2 long sword of holy wrath
 u - a +0 dagger of electrocution
Missiles
 d - 7 poisoned darts (quivered)
 e - 9 curare-tipped darts
 m - 20 stones
Armour
 b - a +0 robe (worn)
 c - a +0 cloak (worn)
Jewellery
 v - the ring "Diadwy" (left hand) {rPois Stlth+}
   (You bought it in a shop in the Dungeon)

   [ring of poison resistance]

   rPois:     It protects you from poison.
   Stlth:     It makes you more stealthy.
 w - an amulet of regeneration
Wands
 s - a wand of acid (8)
Scrolls
 k - a scroll of blinking
 n - a scroll of holy word
 y - 2 scrolls of identify
Potions
 f - 3 potions of curing
 g - 2 potions of heal wounds
 h - a potion of haste
 i - 2 potions of magic
 j - a potion of berserk rage
 l - a potion of ambrosia
 p - 3 potions of flight
 t - a potion of might


   Skills:
 * Level 6.7 Fighting
 + Level 5.5 Short Blades
 + Level 7.4 Throwing
 * Level 10.8 Dodging
 * Level 22.1 Stealth
 * Level 8.4 Spellcasting
 * Level 5.2 Conjurations
 * Level 5.8 Air Magic
 * Level 6.3 Poison Magic
 * Level 6.9 Evocations


You had 16 spell levels left.
You knew the following spells:

 Your Spells              Type           Power      Damage    Failure   Level
a - Magic Dart            Conj           68%        1d6       1%          1
b - Mephitic Cloud        Conj/Pois/Air  19%        N/A       3%          3
c - Slow                  Hex            5%         N/A       22%         2
d - Confusing Touch       Hex            5%         N/A       38%         3

Your spell library contained the following spells:

 Spells                   Type           Power      Damage    Failure   Level
 Call Imp                 Summ           5%         N/A       22%         2
 Vampiric Draining        Necr           2%         2d6       38%         3


Dungeon Overview and Level Annotations

Branches:
Dungeon (1/1)

Altars:
Cheibriados
Dithmenos
Elyvilon
Fedhas
Gozag
Hepliaklqana
Kikubaaqudgha
Makhleb
Nemelex Xobeh
Okawaru
Qazlal
Ru
Sif Muna
Trog
Uskayaw
Vehumet
Wu Jian
Xom
Yredelemnul
Zin
The Shining One
Beogh
Jiyva
Lugonu

Shops:
D ?[!:=*:(!(:

Annotations:
D exclusion: obsidian statue


Innate Abilities, Weirdness & Mutations

You are very small and have problems with some larger weapons.
You are too small for most types of armour.
You have supernaturally acute eyesight. (SInv)
You cover ground extremely quickly. (Speed+++)
You have large cloven feet.
You are very agile. (Dex +4)
Your muscles are strong. (Str +2)


Message History

The crystal guardian is heavily damaged.
The crystal guardian hits you!!
Aiming: Corrosive Bolt
Press: ? - help, Shift-Dir - straight line, f/p - crystal guardian
Aim: a crystal guardian (moderately damaged, covered in acid, 100% to hit)
The bolt of acid hits the crystal guardian!
The crystal guardian is splashed with acid.
The crystal guardian seems to be corroded for longer.
The crystal guardian is almost destroyed.
The bolt of acid hits the crystal guardian.
The crystal guardian is splashed with acid!
The acid corrodes the crystal guardian!
The crystal guardian is lightly damaged.
The bolt of acid hits the crystal guardian.
The crystal guardian is splashed with acid!
The crystal guardian seems to be corroded for longer.
The crystal guardian is severely damaged.
The crystal guardian fires a crystalline bolt at you.
The crystal bolt burns the crystal guardian.
The crystal guardian completely resists.
The crystal bolt misses you.
The crystal guardian fires a crystalline bolt at you.
The crystal bolt freezes the crystal guardian.
The crystal guardian completely resists.
The crystal bolt freezes the crystal guardian.
The crystal guardian completely resists.
The crystal bolt freezes you!!
* * * LOW HITPOINT WARNING * * *
The crystal guardian fires a crystalline bolt at you.
The crystal bolt misses you.
You feel much better.
The crystal guardian fires a crystalline bolt at you.
The crystal bolt freezes the crystal guardian.
The crystal guardian completely resists.
The crystal bolt freezes you!!
* * * LOW HITPOINT WARNING * * *
The crystal guardian hits you!!
Ouch! That really hurt!
You die...
Your body crumbles into a pile of gold.

#.# ###8#.∩⌠⌠∩.#
#.# ###...#.∩∩∩∩.#
#.#+#.§§§§#..∩∩∩.#
#.#.§§§§§§#......#
#.#...§§.§###''###
#........§#!⌠..⌠.#
#########.#......#
8#.#.#.#..8.....#
$
..........88@...#
................#
##+##############
$


You could see 3 crystal guardians.

Vanquished Creatures
  Harold (D)
  Erolcha (D)
  Joseph (D)
  A deep elf pyromancer (D)
  3 wandering mushrooms (D)
  3 orc high priests (D)
  2 redbacks (D)
  A shadow (D)
  A spatial vortex (D)
  A necrophage (D)
  5 two-headed ogres (D)
  A water elemental (D)
  A jelly (D)
  A wizard (D)
  A necromancer (D)
  3 humans (D)
  A kobold demonologist (D)
  A wolf (D)
  An endoplasm (D)
  3 rats (D)
33 creatures vanquished.

Vanquished Creatures (others)
  14 plants (D)
14 creatures vanquished.

Grand Total: 47 creatures vanquished

Notes
Turn   | Place    | Note
-------+----------+-------------------------------------------
     0 | D        | styxcanada the Spriggan Brigand began the quest for the
                  | Orb.
     0 | D        | Reached XP level 1. HP: 10/10 MP: 2/2
   105 | D        | Reached skill level 6 in Stealth
   122 | D        | Reached skill level 7 in Stealth
   192 | D        | Reached skill level 8 in Stealth
   192 | D        | Reached XP level 2. HP: 1/15 MP: 3/3
   503 | D        | Reached skill level 9 in Stealth
   503 | D        | Reached XP level 3. HP: 18/18 MP: 4/4
   515 | D        | Gained mutation: You are dopey. (Int -2) [potion of
                  | mutation]
   515 | D        | Gained mutation: Your body sometimes deteriorates upon
                  | taking damage. [potion of mutation]
   515 | D        | Gained mutation: You passively map a small area around you.
                  | [potion of mutation]
   516 | D        | Lost mutation: You are dopey. (Int -2) [potion of mutation]
   516 | D        | Lost mutation: Your body sometimes deteriorates upon taking
                  | damage. [potion of mutation]
   516 | D        | Lost mutation: You passively map a small area around you.
                  | [potion of mutation]
   516 | D        | Gained mutation: You are weak. (Str -2) [potion of
                  | mutation]
   516 | D        | Gained mutation: You are robust. (+10% HP) [potion of
                  | mutation]
   516 | D        | Gained mutation: You evolve. [potion of mutation]
   516 | D        | Gained mutation: Your mind is acute. (Int +2) [potion of
                  | mutation]
   517 | D        | Lost mutation: You are robust. (+10% HP) [potion of
                  | mutation]
   517 | D        | Lost mutation: You evolve. [potion of mutation]
   517 | D        | Lost mutation: Your mind is acute. (Int +2) [potion of
                  | mutation]
   517 | D        | Gained mutation: You are partially covered in iridescent
                  | scales. (AC +2) [potion of mutation]
   517 | D        | Gained mutation: You are agile. (Dex +2) [potion of
                  | mutation]
   518 | D        | Lost mutation: You are partially covered in iridescent
                  | scales. (AC +2) [potion of mutation]
   518 | D        | Gained mutation: You have large cloven feet. [potion of
                  | mutation]
   518 | D        | Gained mutation: You are very weak. (Str -4) [potion of
                  | mutation]
   519 | D        | Lost mutation: You are very weak. (Str -4) [potion of
                  | mutation]
   519 | D        | Lost mutation: You are weak. (Str -2) [potion of mutation]
   519 | D        | Gained mutation: You are very agile. (Dex +4) [potion of
                  | mutation]
   519 | D        | Gained mutation: Your muscles are strong. (Str +2) [potion
                  | of mutation]
   537 | D        | Noticed a water elemental
   540 | D        | Killed a water elemental
   541 | D        | Reached skill level 11 in Stealth
   541 | D        | Reached XP level 4. HP: 23/23 MP: 5/5
   551 | D        | Noticed a shadow
   553 | D        | Killed a shadow
   554 | D        | Reached skill level 5 in Dodging
   554 | D        | Reached skill level 14 in Stealth
   554 | D        | Reached XP level 5. HP: 28/28 MP: 6/6
   558 | D        | Reached skill level 15 in Stealth
   571 | D        | Found a radiant altar of Vehumet.
   571 | D        | Found a shimmering blue altar of Sif Muna.
   571 | D        | Found an ancient bone altar of Kikubaaqudgha.
   574 | D        | Reached XP level 6. HP: 33/33 MP: 6/8
   576 | D        | Reached skill level 1 in Spellcasting
   582 | D        | Learned a level 1 spell: Magic Dart
   586 | D        | Learned a level 3 spell: Mephitic Cloud
   596 | D        | Found a glowing silver altar of Zin.
   596 | D        | Found a glowing golden altar of the Shining One.
   596 | D        | Found a white marble altar of Elyvilon.
   597 | D        | Noticed a deep elf pyromancer
   599 | D        | Killed a deep elf pyromancer
   600 | D        | Reached skill level 18 in Stealth
   600 | D        | Reached XP level 7. HP: 38/38 MP: 8/13
   606 | D        | Found a hide-covered altar of Uskayaw.
   606 | D        | Found an iron altar of Okawaru.
   606 | D        | Found a bloodstained altar of Trog.
   606 | D        | Found an ornate altar of the Wu Jian Council.
   606 | D        | Noticed a human
   606 | D        | Noticed a human
   657 | D        | Killed a human
   833 | D        | Killed a human
   834 | D        | Reached XP level 8. HP: 42/42 MP: 13/15
   880 | D        | Found a blossoming altar of Fedhas.
   880 | D        | Found a stormy altar of Qazlal.
   881 | D        | Found a snail-covered altar of Cheibriados.
   881 | D        | Found a burning altar of Makhleb.
   881 | D        | Found a hazy altar of Hepliaklqana.
   881 | D        | Found a shimmering altar of Xom.
   881 | D        | Found an opulent altar of Gozag.
   881 | D        | Found a sparkling altar of Nemelex Xobeh.
   881 | D        | Found a corrupted altar of Lugonu.
   881 | D        | Found a viscous altar of Jiyva.
   885 | D        | Became a worshipper of Gozag Ym Sagoz the Greedy
   899 | D        | Found a basalt altar of Yredelemnul.
   899 | D        | Found a shadowy altar of Dithmenos.
   899 | D        | Found a sacrificial altar of Ru.
   903 | D        | Reached skill level 5 in Throwing
   979 | D        | Reached skill level 19 in Stealth
   979 | D        | Reached skill level 1 in Evocations
  1124 | D        | Reached skill level 5 in Fighting
  1249 | D        | Noticed a two-headed ogre
  1252 | D        | Killed a two-headed ogre
  1253 | D        | Reached skill level 5 in Spellcasting
  1258 | D        | Noticed a two-headed ogre
  1258 | D        | Noticed Erolcha
  1260 | D        | Killed Erolcha
  1261 | D        | Reached skill level 20 in Stealth
  1261 | D        | Reached XP level 9. HP: 47/47 MP: 16/18
  1261 | D        | Killed a two-headed ogre
  1433 | D        | Reached skill level 5 in Poison Magic
  1538 | D        | Noticed a wandering mushroom
  1542 | D        | Noticed a wandering mushroom
  1544 | D        | Noticed a wandering mushroom
  1545 | D        | Killed a wandering mushroom
  1546 | D        | Reached skill level 5 in Evocations
  1550 | D        | Killed a wandering mushroom
  1551 | D        | Reached skill level 21 in Stealth
  1612 | D        | Reached skill level 5 in Short Blades
  1790 | D        | Noticed Joseph
  1791 | D        | Noticed Harold
  1794 | D        | Killed Harold
  1795 | D        | Reached skill level 10 in Dodging
  1795 | D        | Reached skill level 5 in Air Magic
  1795 | D        | Reached XP level 10. HP: 53/53 MP: 20/22
  1795 | D        | Killed Joseph
  1796 | D        | Reached skill level 5 in Conjurations
  1875 | D        | Reached skill level 22 in Stealth
  1955 | D        | Noticed a soul eater
  2177 | D        | Noticed an obsidian statue
  2189 | D        | Found Cosut's Jewellery Emporium.
  2189 | D        | Found Ubiuwoc's Book Shop.
  2189 | D        | Found Womnucze's Book Shoppe.
  2189 | D        | Found Temoxat's Book Boutique.
  2189 | D        | Found Gegot's General Store.
  2189 | D        | Found Ruvvawuik's Distillery.
  2189 | D        | Found Goeduatz's Antique Weapon Shop.
  2189 | D        | Found Ynolliylo's Antique Armour Shop.
  2189 | D        | Found Etepir's Distillery.
  2189 | D        | Found Tach's Magic Scroll Emporium.
  2189 | D        | Found Okekiaps's Weapon Boutique.
  2221 | D        | Bought a potion of degeneration for 10 gold pieces
  2221 | D        | Bought a potion of curing for 30 gold pieces
  2221 | D        | Bought a potion of might for 40 gold pieces
  2221 | D        | Bought a potion of curing for 30 gold pieces
  2222 | D        | Bought a runed dagger for 110 gold pieces
  2223 | D        | Bought a book of Debilitation for 264 gold pieces
  2227 | D        | Learned a level 2 spell: Slow
  2231 | D        | Learned a level 3 spell: Confusing Touch
  2234 | D        | Bought the ring "Diadwy" {rPois Stlth+} for 327 gold pieces
  2235 | D        | Bought an amulet of regeneration for 330 gold pieces
  2237 | D        | Bought a potion of invisibility for 80 gold pieces
  2237 | D        | Bought a potion of heal wounds for 50 gold pieces
  2239 | D        | Bought 2 scrolls of identify for 56 gold pieces
  2239 | D        | Bought a scroll of summoning for 133 gold pieces
  2249 | D        | Noticed a crystal guardian
  2249 | D        | Noticed a crystal guardian
  2249 | D        | Noticed a crystal guardian
  2250 | D        | Noticed a crystal guardian
  2268 | D        | Demolished by a crystal guardian

Illustrated notes

Levels and vault maps discovered:
D:        dungeon_sprint_mu [sprint_mu_entry_forest, sprint_mu_temple_rooms,
          sprint_mu_d1_spiders, sprint_mu_d2_genie, sprint_mu_d3_branching,
          sprint_mu_orc_legion, sprint_mu_elf_gauntlet, sprint_mu_hive_nellie,
          sprint_mu_lair_fedhas, sprint_mu_vaults_butterflies,
          sprint_mu_slime_circle, sprint_mu_swamp_cave, sprint_mu_shoals_archi,
          sprint_mu_blade_basic, sprint_mu_crypt_chambers,
          sprint_mu_tomb_spiral, sprint_mu_vestibule_basic,
          sprint_mu_gehenna_hellfire, sprint_mu_dis_giant,
          sprint_mu_tartarus_statrot, sprint_mu_cocytus_islands, sprint_mu_zot1]

Skill      XL: |  1  2  3  4  5  6  7  8  9 10 |
---------------+-------------------------------+-----
Stealth        | 8 9 11 14 15 18 20 21 22 | 22.1
Dodging        | 3 4 5 6 7 9 10 | 10.8
Fighting       | 2 3 4 5 6 |  6.7
Short Blades   | 3 4 5 |  5.5
Throwing       | 3 4 6 7 |  7.4
Spellcasting   | 3 4 5 7 8 |  8.4
Conjurations   | 2 3 4 5 |  5.2
Air Magic      | 2 4 5 |  5.8
Poison Magic   | 2 3 4 6 |  6.3
Evocations     | 4 6 |  6.9

Action                   |  1- 3 |  4- 6 |  7- 9 | 10-12 || total
-------------------------+-------+-------+-------+-------++-------
Melee: Dagger            |    18 |     5 |    44 |    30 ||    97
       Kick              |       |       |    26 |    15 ||    41
Throw: Dart              |    10 |       |    28 |     5 ||    43
       Stone             |       |       |     3 |       ||     3
 Cast: Magic Dart        |       |       |    46 |     6 ||    52
       Mephitic Cloud    |       |       |       |     4 ||     4
Evoke: Wand              |       |       |       |     3 ||     3
  Use: Potion            |     5 |       |       |     2 ||     7
       Scroll            |     2 |       |     2 |     1 ||     5
 Stab: Sleeping          |     3 |     5 |    10 |     1 ||    19
       Confused          |       |       |       |     2 ||     2
Armor: Robe              |     1 |       |       |       ||     1
Dodge: Dodged            |     8 |       |    30 |    27 ||    65
